 Dungeon Crawl Stone Soup version 0.21.1-1-g345015f (webtiles) character file.

74 suicidejoker the Shooter (level 4, -3/38 HPs)
             Began as a Minotaur Hunter on Apr 18, 2018.
             Slain by Sigmund
             ... wielding a +0 scythe
              (12 damage)
             ... on level 2 of the Dungeon.
             The game lasted 00:03:10 (1464 turns).

suicidejoker the Shooter (Minotaur Hunter)          Turns: 1464, Time: 00:03:10

Health: -3/38      AC:  6    Str: 14 (17) XL:     4   Next: 9%
Magic:  3/3        EV: 11    Int:  7 (8)  God:
Gold:   63         SH:  0    Dex:  9 (11) Spells: 3/3 levels left

rFire    . . .     SeeInvis .   b - +0 short sword
rCold    . . .     Gourm    .   (no shield)
rNeg     . . .     Faith    .   o - +0 ring mail (curse)
rPois    .         Spirit   .   (helmet restricted)
rElec    .         Reflect  .   c - +0 cloak
rCorr    .         Harm     .   (no gloves)
MR       .....     Rnd*Rage +   (no boots)
Stlth    +.........             k - amulet of regeneration
HPRegen  0.52/turn              (no ring)
MPRegen  0.08/turn              (no ring)

@: no status effects
A: retaliatory headbutt, horns 2, berserk 1, mutation resistance 1, subdued
magic 1
a: no special abilities


You were on level 2 of the Dungeon.
You were hungry.

You visited 1 branch of the dungeon, and saw 2 of its levels.

You collected 63 gold pieces.

Inventory:

Hand Weapons
 a - a +1 shortbow
 b - a +0 short sword (weapon)
Missiles
 d - 10 arrows
 n - 4 poisoned tomahawks (quivered)
 r - 13 bolts
Armour
 c - a +0 cloak (worn)
 o - a cursed +0 ring mail (worn)
Jewellery
 k - an amulet of regeneration (around neck)
Scrolls
 e - a scroll of blinking {unknown}
 h - a scroll of remove curse {unknown}
 j - 2 scrolls of amnesia {unknown}
 l - a scroll of magic mapping {unknown}
 m - a scroll of immolation {unknown}
 p - 2 scrolls of identify {unknown}
 s - a scroll of enchant armour {unknown}
Comestibles
 f - 5 rations


   Skills:
 + Level 3.1 Fighting
 * Level 5.2 Bows
 + Level 1.7 Armour
 + Level 2.9 Dodging
 - Level 0.7 Stealth


You had 3 spell levels left.
You didn't know any spells.

Dungeon Overview and Level Annotations

Branches:
Dungeon (2/15)

Altars:

Annotations:
D:2 1 runed door, Sigmund


Innate Abilities, Weirdness & Mutations

You reflexively headbutt those who attack you in melee.
You have a pair of horns on your head.
You tend to lose your temper in combat.
You are somewhat resistant to further mutation.
Your spells are a little easier to cast, but a little less powerful.


Message History

You barely miss something. Something hits you but does no damage.
You closely miss something. Something hits you.
You barely miss something. You hit something but do no damage.
Something hits you!
* * * LOW HITPOINT WARNING * * *
It was a potion of degeneration.
There was something very wrong with that liquid.
You feel weakened.
You feel dopey.
You feel clumsy.
You hear some strange, mumbled words.
A puff of flame appears from out of thin air!
The puff of flame hits you!
* * * LOW HITPOINT WARNING * * *
Okay, then.
Okay, then.
You feel extremely strange. The horns on your head shrink a bit.
Your slimy green scales disappear.
Your connection to magic feels subdued.
You feel genetically stable.
You feel a little pissed off. Something hits you!
You die...

......#....#
#.(.#
######.###.#
###(# ###.#
#(# #...# #.#
#.# #.### #.#
#.# #.# #.#
#.# #.# #.#
#.# #.# #.#
#{#
####.#####.#
#@#
......)....###
#.#
####....†....#
#.#
#########.#
#.# #.# #.#
#.# #.# #.#
#.# ####
#.###.## ≈≈≈≈♣
#.##...##


There were no monsters in sight!

Vanquished Creatures
  2 adders (D:2)
  A worm (D:2)
  3 dart slugs (D:1)
  A leopard gecko (D:2)
  6 bats
  4 giant cockroaches
  7 goblins
  4 hobgoblins
  3 jackals (D:2)
  4 kobolds
  2 frilled lizards (D:2)
  5 rats
42 creatures vanquished.

Notes
Turn   | Place    | Note
-------+----------+-------------------------------------------
     0 | D:1      | suicidejoker the Minotaur Hunter began the quest for the Orb.
     0 | D:1      | Reached XP level 1. HP: 18/18 MP: 0/0
    73 | D:1      | Reached XP level 2. HP: 25/25 MP: 1/1
   218 | D:1      | Reached skill level 1 in Armour
   706 | D:1      | Reached XP level 3. HP: 30/30 MP: 2/2
  1083 | D:2      | Reached skill level 5 in Bows
  1291 | D:2      | Reached XP level 4. HP: 38/38 MP: 3/3
  1309 | D:2      | Found a runed door.
  1421 | D:2      | Noticed Sigmund
  1448 | D:2      | Gained mutation: You have a pair of large horns on your head. [potion of mutation]
  1448 | D:2      | Gained mutation: You are partially covered in slimy green scales. (AC +2) [potion of mutation]
  1464 | D:2      | Lost mutation: You have a pair of large horns on your head. [potion of mutation]
  1464 | D:2      | Lost mutation: You are partially covered in slimy green scales. (AC +2) [potion of mutation]
  1464 | D:2      | Gained mutation: Your spells are a little easier to cast, but a little less powerful. [potion of mutation]
  1464 | D:2      | Gained mutation: You are somewhat resistant to further mutation. [potion of mutation]
  1464 | D:2      | Gained mutation: You tend to lose your temper in combat. [potion of mutation]
  1464 | D:2      | Slain by Sigmund

Skill      XL: |  1  2  3 |
---------------+----------+-----
Armour         | 1 |  1.7
Fighting       | 3 |  3.1
Bows           | 5 |  5.2
Dodging        | |  2.9
Stealth        | |  0.7

Action                   |  1- 3 |  4- 6 || total
-------------------------+-------+-------++-------
Melee: Short sword       |       |    12 ||    12
       Shortbow          |       |     2 ||     2
       Headbutt          |       |     2 ||     2
 Fire: Shortbow          |    90 |    20 ||   110
  Use: Potion            |       |     5 ||     5
  Eat: Chunk             |       |     1 ||     1
Armor: Leather armour    |     1 |       ||     1
       Ring mail         |     2 |     3 ||     5
Dodge: Dodged            |    12 |       ||    12
